 Seeded DCSS version 0.30.1-4-g462c640d31 (webtiles) character file.

Game seed: 6351066067085065685 (custom seed)

107 Esekla the Magician (level 4, 0/24 HPs)
             Began as a Deep Elf Wanderer on Sept 10, 2023.
             Was a Follower of Vehumet.
             Slain by a black bear (3 damage)
             ... on level 2 of the Dungeon.
             The game lasted 00:17:48 (2327 turns).

Esekla the Magician (Deep Elf Wanderer)             Turns: 2327, Time: 00:17:49

Health: 0/24       AC:  4    Str: 11    XL:     4   Next: 56%
Magic:  9/14       EV: 11    Int: 20    God:    Vehumet [*.....]
Gold:   188        SH:  3    Dex: 11    Spells: 4/15 levels left

rFire   . . .        a - +1 short sword (freeze)
rCold   . . .        d - +0 buckler
rNeg    . . .        c - +0 robe
rPois   .            k - +0 helmet
rElec   .            (no cloak)
rCorr   .            j - +0 pair of gloves
SInv    .            (no boots)
Will    .....        (no amulet)
Stlth   ++           (no ring)
HPRegen 0.24/turn    (no ring)
MPRegen 0.14/turn

%: no passive effects
@: no status effects
A: no striking features
a: Renounce Religion


You were on level 2 of the Dungeon.
You worshipped Vehumet.
Vehumet was aware of your devotion.
You visited 1 branch of the dungeon, and saw 5 of its levels.

You collected 188 gold pieces.

Inventory:

Hand Weapons
 a - a +1 short sword of freezing (weapon)
 r - a +0 spear
 s - the +5 rapier of the Hero {heavy, rN+ Dex+3}
   (You found it on level 3 of the Dungeon)

   Dex:       It affects your dexterity (+3).
   rN:        It protects you from negative energy.
Missiles
 x - 6 poisoned darts (quivered)
Armour
 c - a +0 robe (worn)
 d - a +0 buckler (worn)
 j - a +0 pair of gloves (worn)
 k - a +0 helmet (worn)
Wands
 q - a wand of roots (9)
Scrolls
 g - 2 scrolls of identify {unknown}
 m - a scroll of enchant armour {unknown}
 n - a scroll of amnesia {unknown}
 o - 2 scrolls of enchant weapon {unknown}
 p - a scroll of immolation {unknown}
 u - a scroll of fog {unknown}
 v - a scroll of blinking {unknown}
Potions
 b - a potion of lignification
 e - a potion of ambrosia {unknown}
 f - 2 potions of attraction {unknown}
 h - a potion of heal wounds {unknown}
 i - 2 potions of curing {unknown}
 l - a potion of mutation {unknown}
 t - 2 potions of brilliance {unknown}
 w - a potion of haste {unknown}


   Skills:
 * Level 1.8 Dodging
 + Level 1.7 Stealth
 + Level 1.5 Shields
 * Level 6.2 Spellcasting
 + Level 0.6 Conjurations
 * Level 1.1 Necromancy
 + Level 2.6 Translocations
 + Level 1.0 Invocations


You had 4 spell levels left.
You knew the following spells:

 Your Spells              Type           Power      Damage    Failure   Level
a - Magic Dart            Conj           32%        1d4       12%         1
b - Blink                 Tloc           32%        N/A       8%          2
d - Vampiric Draining     Necr           10%        2d6       28%         3
e - Shock                 Conj/Air       28%        1d4       13%         1
p - Apportation           Tloc           32%        N/A       4%          1
t - Teleport Other        Tloc           16%        N/A       16%         3

Your spell library contained the following spells:

 Spells                   Type           Power      Damage    Failure   Level
 Lesser Beckoning         Tloc           32%        N/A       8%          2
 Gell's Gravitas          Tloc           16%        N/A       16%         3
 Ignite Poison            Fire/Tmut/Pois 6%         N/A       41%         3


Dungeon Overview and Level Annotations

Branches:
Dungeon (5/15)
 Temple: D:4-7

Altars:
Okawaru
Vehumet
Zin

Shops:
D:2 =   D:4 (


Message History

The black bear is lightly wounded.
Throw: 7 darts (poison)
Press: ? - help, Q - select action, (/) - cycle Shift-Dir - straight line, f/p - black bear
Aim: a black bear (lightly wounded, very poisoned, 62% to hit)
You throw a poisoned dart.
The poisoned dart closely misses the black bear.
Casting: Vampiric Draining (extremely dangerous; 28% risk of failure)
Confirm with . or Enter, or press ? or * to list all spells.
Aiming: Magic Dart (safe; 12% risk of failure)
Press: ? - help, Shift-Dir - straight line, f/p - black bear
Aim: a black bear (lightly wounded, very poisoned, 100% to hit)
The magic dart hits the black bear.
The black bear is moderately wounded.
Casting: Magic Dart (safe; 12% risk of failure)
Confirm with . or Enter, or press ? or * to list all spells.
Aiming: Magic Dart (safe; 12% risk of failure)
Press: ? - help, Shift-Dir - straight line, f/p - black bear
Aim: a black bear (moderately wounded, very poisoned, 100% to hit)
The magic dart hits the black bear but does no damage.
The black bear is moderately wounded.
You barely miss the black bear.
The black bear is moderately wounded.
The black bear bites you. The black bear closely misses you.
You block the black bear's attack.
Casting: Magic Dart (safe; 12% risk of failure)
Confirm with . or Enter, or press ? or * to list all spells.
The spell is extremely dangerous to miscast (28% risk of failure)!
Continue anyway?
Aiming: Vampiric Draining (extremely dangerous; 28% risk of failure)
Press: ? - help, Shift-Dir - straight line, f/p - black bear
Aim: a black bear (moderately wounded, very poisoned)
You draw life force from the black bear!
You feel life coursing into your body.
The black bear goes berserk!
You hit the black bear. You freeze the black bear.
The black bear is almost dead.
You block the black bear's attack. The black bear claws you. x2
The black bear bites you!
Ouch! That really hurt!
* * * LOW HITPOINT WARNING * * *
The black bear barely misses you. The black bear claws you.
You die...

####.## #.# ......# #.#
####..# #.# ......# #.#
#####.# #.# #####.###
#.# ........# #.#
......).# ##########.#
#####.#.####...h@.....#
.........((..##########
#####.#.###### # #.#†#
#####.# # ......#
#.##### ..# .##


You could see a black bear (berserk, poisoned).

Vanquished Creatures
  An iguana (D:2)
  3 gnolls
  An adder (D:1)
  A dart slug (D:1)
  4 endoplasms
  8 goblins
  3 hobgoblins
  A quokka (D:1)
  6 ball pythons
  4 bats
  4 frilled lizards
  5 kobolds
  A rat (D:2)
42 creatures vanquished.

Notes
Turn   | Place    | Note
-------+----------+-------------------------------------------
     0 | D:1      | Esekla the Deep Elf Wanderer began the quest for the Orb.
     0 | D:1      | Esekla set off with the following items: a +0 club, a
                  | potion of lignification, a +0 robe, a +0 buckler; and the
                  | following spells available to memorise: Apportation, Blink,
                  | Lesser Beckoning, Magic Dart, Ignite Poison, Vampiric
                  | Draining.
     0 | D:1      | Reached XP level 1. HP: 10/10 MP: 7/7
     2 | D:1      | Learned a level 1 spell: Magic Dart
     4 | D:1      | Learned a level 1 spell: Apportation
   398 | D:4      | Found a radiant altar of Vehumet.
   409 | D:4      | Found an iron altar of Okawaru.
   419 | D:4      | Found a glowing silver altar of Zin.
   504 | D:4      | Became a worshipper of Vehumet
   731 | D:3      | Reached skill level 5 in Spellcasting
   769 | D:3      | Reached XP level 2. HP: 15/15 MP: 8/10
   772 | D:3      | Learned a level 2 spell: Blink
   872 | D:4      | Found Ponaysk's Antique Weapon Boutique.
   964 | D:5      | Entered Level 5 of the Dungeon
  1164 | D:3      | Identified the +5 rapier of the Hero {heavy, rN+ Dex+3}
  1189 | D:2      | Found Renulab's Jewellery Shop.
  1548 | D:1      | Reached skill level 1 in Dodging
  1608 | D:1      | Reached XP level 3. HP: 19/19 MP: 7/11
  1612 | D:1      | Learned a level 3 spell: Vampiric Draining
  1780 | D:1      | Reached skill level 1 in Necromancy
  1947 | D:1      | Reached * piety under Vehumet
  1947 | D:1      | Offered knowledge of Shock by Vehumet.
  2027 | D:1      | Learned a level 3 spell: Teleport Other
  2029 | D:1      | Learned a level 1 spell: Shock
  2050 | D:2      | Reached XP level 4. HP: 24/24 MP: 9/13
  2077 | D:2      | Found a faded altar of an unknown god.
  2103 | D:2      | Reached skill level 6 in Spellcasting
  2138 | D:2      | Noticed a black bear
  2327 | D:2      | Slain by a black bear

Illustrated notes

Levels and vault maps discovered:
D:1:      sevenhm_arrival_forest_fort_small_3, layout_rooms,
          chequers_serial_rivers_room_b, minmay_misc_feat_five
D:2:      layout_loops_ring, dreamdust_ecumenical_altar_angels_and_demons,
          serial_shops, shop
D:3:      layout_basic, grunt_temple_overflow_open, minmay_misc_feat_iff
D:4:      layout_basic, nicolae_overflow_quartered_altars, serial_shops,
          nicolae_diamond_shop
D:5:      layout_loops_ring, lemuel_doored_altar, minmay_misc_feat_rows,
          dreamdust_wishing_well

Skill      XL: |  1  2  3  4 |
---------------+-------------+-----
Spellcasting   | 5 6 |  6.2
Dodging        | 1 |  1.8
Necromancy     | 1 |  1.1
Stealth        | |  1.7
Shields        | |  1.5
Conjurations   | |  0.6
Translocations | |  2.6
Invocations    | |  1.0

Action                     |  1- 3 |  4- 6 || total
---------------------------+-------+-------++-------
  Melee: Short sword       |    35 |    10 ||    45
  Throw: Dart              |       |     7 ||     7
   Cast: Magic Dart        |    66 |     2 ||    68
         Apportation       |    21 |     1 ||    22
         Blink             |     3 |       ||     3
         Vampiric Draining |     2 |     2 ||     4
    Use: Scroll            |     1 |       ||     1
   Stab: Sleeping          |     1 |       ||     1
 Armour: Robe              |    17 |     1 ||    18
  Dodge: Dodged            |    29 |     7 ||    36
  Block: Buckler           |    10 |     2 ||    12
